 Dungeon Crawl Stone Soup version 0.24.0-1-gfbc8707122 (webtiles) character file.

Game seed: 6315058035240526088, levelgen mode: deterministic

309 Howlingfantods the Shield-Bearer (level 6, -6/56 HPs)
             Began as a Minotaur Fighter on Oct 29, 2019.
             Was an Initiate of Okawaru.
             Mangled by an ogre
             ... wielding a +0 giant club
              (16 damage)
             ... on level 6 of the Dungeon.
             The game lasted 00:12:24 (1114 turns).

Howlingfantods the Shield-Bearer (Minotaur Fighter) Turns: 1114, Time: 00:12:24

Health: -6/56      AC:  9    Str: 22    XL:     6   Next: 17%
Magic:  6/6        EV:  6    Int:  5    God:    Okawaru [......]
Gold:   94         SH: 11    Dex: 10    Spells: 5/5 levels left

rFire    . . .     SeeInvis .     - Unarmed
rCold    . . .     Gourm    .   b - +1 shield
rNeg     . . .     Faith    .   f - +0 chain mail
rPois    .         Spirit   .   (helmet restricted)
rElec    .         Reflect  .   (no cloak)
rCorr    .         Harm     .   (no gloves)
MR       .....                  (no boots)
Stlth    ..........             (no amulet)
HPRegen  0.18/turn              (no ring)
MPRegen  0.10/turn              (no ring)

@: no status effects
A: retaliatory headbutt, horns 2
a: Renounce Religion


You were on level 6 of the Dungeon.
You worshipped Okawaru.
Okawaru was noncommittal.
You were not hungry.

You visited 2 branches of the dungeon, and saw 6 of its levels.
You also visited: Ossuary.

You collected 94 gold pieces.

Inventory:

Armour
 b - a +1 shield (worn)
 f - a +0 chain mail (worn)
Scrolls
 e - 2 scrolls of remove curse
 g - 2 scrolls of blinking
Potions
 a - a potion of haste
 c - a potion of might
 h - 3 potions of flight
 i - 2 potions of curing
Comestibles
 d - 3 rations


   Skills:
 * Level 5.6 Fighting
 + Level 1.6 Throwing
 * Level 5.3 Armour
 + Level 1.8 Dodging
 * Level 5.9 Shields
 * Level 5.0 Unarmed Combat
 + Level 2.6 Invocations


You had 5 spell levels left.
You didn't know any spells.
Your spell library was empty.

Dungeon Overview and Level Annotations

Branches:
Dungeon (6/15)             Temple (1/1) D:6         Ossuary (visited)

Altars:
Ashenzari
Fedhas
Gozag
Nemelex Xobeh
Okawaru
Sif Muna
Uskayaw
Wu Jian
Xom
Yredelemnul
The Shining One


Innate Abilities, Weirdness & Mutations

You reflexively headbutt those who attack you in melee.
You have a pair of horns on your head.


Message History

You hit the phantom. Your headbutt misses the phantom.
The phantom is severely damaged.
The phantom hits you.
You hit the phantom.
The phantom is almost destroyed.
The phantom blinks!
The phantom blinks!
An ogre comes into view. It is wielding a +0 giant club.
The phantom blinks!
You completely miss the ogre.
You hear a distant slurping noise.
The ogre hits you with a +0 giant club!!
You hit the ogre.
The ogre is lightly wounded.
You punch the ogre!
The ogre is heavily wounded.
The ogre hits you with a +0 giant club!!
* * * LOW HITPOINT WARNING * * *
You feel better. The ogre hits you with a +0 giant club!
You die...

#. #.# #.# #.# #
#.# ... ## #.#
########..... .#
###.###....@OW.....
.#
#.......######.....
.#####....#### ...
...........# #
.######...## .#
##.## ## #.# #.# ##
##+##


You could see a phantom and an ogre.

Vanquished Creatures
  An elf zombie (Ossuary)
  A centaur zombie (Ossuary)
  A hound (D:6)
  An orc wizard (D:6)
  A worker ant (D:4)
  A big kobold zombie (Ossuary)
  2 mummies (Ossuary)
  An adder (D:3)
  An adder zombie (Ossuary)
  A worm (D:2)
  A leopard gecko (D:1)
  4 orcs
  5 goblins
  2 hobgoblins
  A quokka (D:3)
  3 bats
  A frilled lizard (D:1)
  10 hobgoblin zombies (Ossuary)
  A jackal zombie (Ossuary)
  A kobold (D:1)
  6 kobold zombies (Ossuary)
  11 orc zombies (Ossuary)
  A rat (D:2)
  4 rat zombies (Ossuary)
62 creatures vanquished.

Notes
Turn   | Place    | Note
-------+----------+-------------------------------------------
     0 | D:1      | Howlingfantods the Minotaur Fighter began the quest for the
                  | Orb.
     0 | D:1      | Reached XP level 1. HP: 19/19 MP: 0/0
   168 | D:1      | Reached skill level 5 in Fighting
   168 | D:1      | Reached skill level 1 in Throwing
   168 | D:1      | Reached skill level 5 in Armour
   168 | D:1      | Reached skill level 1 in Dodging
   168 | D:1      | Reached skill level 5 in Shields
   168 | D:1      | Reached XP level 2. HP: 29/29 MP: 0/2
   256 | D:2      | Reached XP level 3. HP: 36/36 MP: 3/3
   310 | D:3      | Found a sparkling altar of Nemelex Xobeh.
   310 | D:3      | Found an opulent altar of Gozag.
   350 | D:3      | Found an ornate altar of the Wu Jian Council.
   548 | D:4      | Reached XP level 4. HP: 38/42 MP: 4/4
   549 | D:4      | Noticed a +0 hand axe
   549 | D:4      | Noticed a +0 hand axe
   551 | D:4      | Found a hide-covered altar of Uskayaw.
   571 | D:4      | Found a sand-covered staircase.
   594 | Ossuary  | Entered an ossuary
   779 | Ossuary  | Reached XP level 5. HP: 45/48 MP: 5/5
   928 | D:4      | You are sucked into a shaft and drop 2 floors!
   940 | D:6      | Reached XP level 6. HP: 39/56 MP: 6/6
   970 | D:6      | Found a staircase to the Ecumenical Temple.
   979 | Temple   | Entered the Ecumenical Temple
   995 | Temple   | Became a worshipper of Warmaster Okawaru
  1033 | D:6      | Reached skill level 5 in Unarmed Combat
  1114 | D:6      | Mangled by an ogre

Levels and vault maps discovered:
D:1:      minmay_arrival_arboretum_large, layout_loops_corners,
          minmay_misc_feat_iff
D:2:      layout_basic, first_ration, minmay_vboxes, uniq_robin, uniq_sigmund
D:3:      layout_loops_ring, lemuel_doored_altar,
          grunt_temple_overflow_opulence, serial_glass, glass_columns_a,
          glass_columns_b
D:4:      layout_loops_ring, dancing_weapons_uskayaw,
          gammafunk_temple_overflow_elements, serial_shops, nicolae_shop_trees,
          chequers_ossuary_entry_cave
D:6:      layout_loops_corners, minmay_temple_entry_poolview,
          uniq_prince_ribbit1
Temple:   dshaligram_water_room_temple

Skill      XL: |  1  2  3  4  5  6 |
---------------+-------------------+-----
Shields        | 5 |  5.9
Fighting       | 5 |  5.6
Throwing       | 1 |  1.6
Armour         | 5 |  5.3
Dodging        | 1 |  1.8
Unarmed Combat | 3 4 5 |  5.0
Invocations    | 2 |  2.6

Action                   |  1- 3 |  4- 6 || total
-------------------------+-------+-------++-------
Melee: Unarmed           |    62 |   159 ||   221
       Headbutt          |     6 |    31 ||    37
  Use: Scroll            |     5 |     2 ||     7
       Potion            |     2 |     3 ||     5
  Eat: Chunk             |       |     1 ||     1
Armor: Scale mail        |    11 |       ||    11
       Chain mail        |     3 |    47 ||    50
Dodge: Dodged            |    17 |    21 ||    38
Block: Shield            |    26 |    61 ||    87
